cohdb
Replays
Latest Replays
All Replays
Popular Replays
Top Player Replays
Match Explorer
How It Works
Community
CoH3 Stats
Reddit
Sign in to upload your games and track your stats! →
Sign in with Steam
Match 43141781
Unlisted
Match 43141781
Overview
Messages
Build Orders
End
Royal Engineer Section
Selects Canadian Shock Battlegroup
Construct Section Command Post
Dingo Light Scout Car
Infantry Section
Dingo Light Scout Car
Selects Attacking Spirit
Selects Canadian Shock Section
Canadian Shock Section
Construct Platoon Command Post
Selects Incendiary Munitions
Humber Armored Car
Canadian Shock Section
Construct Field Infirmary
Grenade Package
Infantry Section
Selects Pyrotechnics
Infantry Training
6-pounder Anti-tank Gun Team
Canadian Shock Section
6-pounder Anti-tank Gun Team
Construct Company Command Post
Selects Demolition Engineering
Demolition Engineering
Selects Smoke Operation
Trion
Pob
0
0
Comments
sign in to comment!
No comments posted yet!